 Dungeon Sprint DCSS version 0.27-a0-334-g52645efa06 (webtiles) character file.

Game seed: 15273658818774560894

9770 sahdkjhfkaj the Black Belt (level 11, -12/71 HPs)
             Began as a Vine Stalker Monk on Feb 13, 2021.
             Was an Initiate of Gozag.
             Mangled by an orc knight
             ... wielding a +0 great mace
              (37 damage)
             ... in the Dungeon (Sprint IX: "|||||||||||||||||||||||||||||").
             The game lasted 00:04:31 (2340 turns).

sahdkjhfkaj the Black Belt (Vine Stalker Monk)      Turns: 2340, Time: 00:04:32

Health: -12/71     AC: 12    Str: 14    XL:     11   Next: 51%
Magic:  0/26       EV:  7    Int: 15    God:    Gozag
Gold:   2659       SH:  0    Dex: 21    Spells: 23/30 levels left

rFire    . . .     SeeInvis .     - Unarmed
rCold    . . .     Faith    .   (no shield)
rNeg     . . .     Spirit   +   k - +1 chain mail
rPois    .         Reflect  .   i - +0 helmet
rElec    .         Harm     .   (no cloak)
rCorr    .         Rampage  .   m - +0 pair of gloves
Will     +....     NoTele   +   h - +0 pair of boots
Stlth    ..........             (no amulet)
HPRegen  0.61/turn              j - +3 ring of dexterity
MPRegen  0.20/turn              t - +3 ring of intelligence

@: no status effects
A: fangs 3, regeneration 1, magic shield, antimagic bite, no potion heal 3
a: Renounce Religion, Potion Petition, Call Merchant, Bribe Branch


You were in the Dungeon.
You worshipped Gozag.
Gozag was most pleased with you.
You visited 1 branch You collected 5504 gold pieces.
You spent 1260 gold pieces at shops.
You paid 1585 gold pieces to Gozag.

Inventory:

Armour
 h - a +0 pair of boots (worn)
 i - a +0 helmet (worn)
 k - a +1 chain mail (worn)
 m - a +0 pair of gloves (worn)
Jewellery
 j - a +3 ring of dexterity (left hand)
 t - a +3 ring of intelligence (right hand)
Wands
 g - a wand of acid (1) {@v2}
Scrolls
 e - 2 scrolls of amnesia
 f - 3 scrolls of blinking {@r4}
 n - 2 scrolls of fear
 o - 2 scrolls of enchant weapon
 p - a scroll of identify {@r1}
Potions
 a - a potion of brilliance
 b - 5 potions of curing {@q1}
 c - 2 potions of might {@q4}
 d - 4 potions of magic
 l - a potion of berserk rage
 q - a potion of flight


   Skills:
 - Level 15.1 Fighting
 - Level 2.4 Dodging
 - Level 2.4 Stealth
 - Level 16.7 Unarmed Combat
 - Level 10.0 Spellcasting
 + Level 10.6 Transmutations


You had 23 spell levels left.
You knew the following spells:

 Your Spells              Type           Power        Failure   Level
d - Dragon Form           Tmut           19%          100%        7

Your spell library contained the following spells:

 Spells                   Type           Power        Failure   Level
 Foxfire                  Conj/Fire      28%          96%         1
 Cause Fear               Hex            3%           100%        4
 Dragon's Call            Summ           3%           100%        9


Dungeon Overview and Level Annotations

Branches:
Dungeon (1/1)

Altars:
Cheibriados
Dithmenos
Elyvilon
Fedhas
Gozag
Hepliaklqana
Kikubaaqudgha
Makhleb
Nemelex Xobeh
Okawaru
Qazlal
Ru
Sif Muna
Trog
Uskayaw
Vehumet
Wu Jian
Xom
Yredelemnul
Zin
The Shining One
Beogh
Jiyva
Lugonu

Shops:
D !:*


Innate Abilities, Weirdness & Mutations

You have razor-sharp teeth.
Your natural rate of healing is unusually fast.
When hurt, damage is shared between your health and your magic reserves.
Your bite disrupts and absorbs the magic of your enemies.
Potions cannot restore your health.


Message History

The orc knight hits you with a +0 battleaxe.
You hit the orc knight but do no damage.
Your bite misses the orc knight.
The orc knight is heavily wounded.
The orc knight roars a battlecry!
The orc knight goes into a battle-frenzy!
You punch the orc knight!
You bite the orc knight, but do no damage.
The orc knight is severely wounded.
The orc knight hits you with a +0 battleaxe!!
You punch the orc knight! Your bite misses the orc knight.
The orc knight is almost dead.
You hit the orc knight. You bite the orc knight.
You kill the orc knight!
Training target 10.0 for Spellcasting reached!
Your Spellcasting skill increases to level 10!
Your Transmutations skill increases to level 10!
The orc knight becomes distracted by the nearby gold, dreaming of imaginary riches.
There is an open door to the Lair here.
The orc knight is no longer distracted by gold.
The orc knight roars a battlecry!
There is an entrance to Dut Na Cupnu's Distillery here.
The orc knight roars a battlecry!
The orc knight goes into a battle-frenzy!
There is an entrance to Dut Na Cupnu's Distillery here.
You closely miss the orc knight. You punch the orc knight!
Your bite misses the orc knight.
The orc knight is lightly wounded.
The orc knight hits you with a +0 great mace!!!
You pummel the orc knight!! Your bite misses the orc knight.
The orc knight is heavily wounded.
Your chain mail prevents you from hitting the orc knight.
The orc knight is heavily wounded.
The orc knight hits you with a +0 great mace!
You barely miss the orc knight.
The orc knight is heavily wounded.
The orc knight hits you with a +0 great mace!!!
Ouch! That really hurt!
You die...
Your body crumbles into a pile of gold.

▓▓▓▓▓▓▓▓▓▓▓▓▓▓▓▓▓▓▓▓▓▓▓▓▓▓▓▓▓▓▓▓▓
.)...oo.)..o))$.))))[)....[...)).
▓▓▓▓▓▓▓▓▓▓▓▓▓▓▓▓▓▓▓▓▓▓▓▓▓▓▓▓▓▓▓▓▓
......o.)..).o......)............
▓▓▓▓▓▓▓▓▓▓▓▓▓▓▓▓▓▓▓▓▓▓▓▓▓▓▓▓▓▓▓▓▓
......'!.!..)...@oo.'.....o..∩'..
▓▓▓▓▓▓▓▓▓▓▓▓▓▓▓▓▓▓▓▓▓▓▓▓▓▓▓▓▓▓▓▓▓
.................................
▓▓▓▓▓▓▓▓▓▓▓▓▓▓▓▓▓▓▓▓▓▓▓▓▓▓▓▓▓▓▓▓▓
...'†....'†....'_________________
▓▓▓▓▓▓▓▓▓▓▓▓▓▓▓▓▓▓▓▓▓▓▓▓▓▓▓▓▓▓▓▓▓


You could see 2 orc knights.

Vanquished Creatures
  A hydra (D)
  2 centaur warriors (D)
  An orc high priest (D)
  4 orc knights (D)
  An orc sorcerer (D)
  7 cane toads (D)
  A komodo dragon (D)
  2 tyrant leeches (D)
  A blink frog (D)
  2 basilisks (D)
  A yak (D)
  2 vampire mosquitoes (D)
  2 water moccasins (D)
  6 orc warriors (D)
  A wolf (D)
  A phantom (D)
  6 bullfrogs (D)
  A scorpion (D)
  2 hounds (D)
  A jelly (D)
  2 orc priests (D)
  6 orc wizards (D)
  An adder (D)
  2 shadow imps (D)
  A white imp (D)
  An ufetubus (D)
  An adder skeleton (D)
  7 orcs (D)
  2 bats (D)
  2 bat zombies (D)
  A goblin (D)
  A jackal (D)
  A frilled lizard (D)
  A rat (D)
74 creatures vanquished.

Vanquished Creatures (others)
  An orc (D)
1 creature vanquished.

Grand Total: 75 creatures vanquished

Notes
Turn   | Place    | Note
-------+----------+-------------------------------------------
     0 | D        | sahdkjhfkaj the Vine Stalker Monk began the quest for the
                  | Orb.
     0 | D        | Reached XP level 1. HP: 11/11 MP: 2/2
    13 | D        | Reached skill level 4 in Unarmed Combat
   104 | D        | Reached XP level 2. HP: 16/16 MP: 3/3
   110 | D        | Reached skill level 5 in Unarmed Combat
   114 | D        | Reached skill level 6 in Unarmed Combat
   114 | D        | Reached XP level 3. HP: 15/19 MP: 2/4
   117 | D        | Reached skill level 7 in Unarmed Combat
   137 | D        | Found a roughly hewn altar of Beogh.
   137 | D        | Found a snail-covered altar of Cheibriados.
   137 | D        | Found a shadowy altar of Dithmenos.
   137 | D        | Found a white marble altar of Elyvilon.
   137 | D        | Found a blossoming altar of Fedhas.
   137 | D        | Found an opulent altar of Gozag.
   144 | D        | Found a hazy altar of Hepliaklqana.
   145 | D        | Found a viscous altar of Jiyva.
   151 | D        | Found an ancient bone altar of Kikubaaqudgha.
   160 | D        | Found a corrupted altar of Lugonu.
   161 | D        | Found a burning altar of Makhleb.
   239 | D        | Found a sparkling altar of Nemelex Xobeh.
   273 | D        | Found an iron altar of Okawaru.
   274 | D        | Became a worshipper of Gozag Ym Sagoz the Greedy
   275 | D        | Found a stormy altar of Qazlal.
   276 | D        | Found a sacrificial altar of Ru.
   277 | D        | Found a shimmering blue altar of Sif Muna.
   278 | D        | Found a bloodstained altar of Trog.
   279 | D        | Found a hide-covered altar of Uskayaw.
   280 | D        | Found a radiant altar of Vehumet.
   281 | D        | Found an ornate altar of the Wu Jian Council.
   282 | D        | Found a shimmering altar of Xom.
   283 | D        | Found a basalt altar of Yredelemnul.
   284 | D        | Found a glowing silver altar of Zin.
   285 | D        | Found a glowing golden altar of the Shining One.
   397 | D        | Noticed a scorpion
   397 | D        | Noticed a phantom
   404 | D        | Gained mutation: Your natural rate of healing is unusually
                  | fast. [Vine Stalker growth]
   404 | D        | Reached XP level 4. HP: 26/26 MP: 5/5
   410 | D        | Reached skill level 5 in Fighting
   410 | D        | Reached skill level 8 in Unarmed Combat
   410 | D        | Reached XP level 5. HP: 32/32 MP: 6/6
   419 | D        | Killed a phantom
   420 | D        | Reached skill level 9 in Unarmed Combat
   422 | D        | Reached XP level 6. HP: 35/39 MP: 7/7
   440 | D        | Noticed a centaur warrior
   440 | D        | Noticed a centaur warrior
   449 | D        | Killed a centaur warrior
   450 | D        | Reached skill level 10 in Fighting
   450 | D        | Reached skill level 12 in Unarmed Combat
   450 | D        | Reached XP level 7. HP: 13/46 MP: 5/8
   457 | D        | Killed a centaur warrior
   458 | D        | Reached skill level 13 in Unarmed Combat
   458 | D        | Gained mutation: You have razor-sharp teeth. [Vine Stalker
                  | growth]
   458 | D        | Reached XP level 8. HP: 31/53 MP: 9/9
   612 | D        | Noticed a four-headed hydra
   612 | D        | Noticed a cane toad
   612 | D        | Noticed a cane toad
   612 | D        | Noticed a komodo dragon
   620 | D        | Killed a four-headed hydra
   621 | D        | Reached skill level 14 in Unarmed Combat
   621 | D        | Reached XP level 9. HP: 9/59 MP: 0/10
   708 | D        | Killed a cane toad
   709 | D        | Reached skill level 15 in Unarmed Combat
   714 | D        | Killed a cane toad
   719 | D        | Killed a komodo dragon
   818 | D        | Reached XP level 10. HP: 57/65 MP: 11/11
   855 | D        | Noticed a cane toad
   860 | D        | Noticed a cane toad
   880 | D        | Reached skill level 16 in Unarmed Combat
   882 | D        | Killed a cane toad
   889 | D        | Killed a cane toad
   895 | D        | Reached skill level 15 in Fighting
   957 | D        | Noticed a cane toad
   957 | D        | Noticed a cane toad
   960 | D        | Reached skill level 1 in Spellcasting
   960 | D        | Reached skill level 1 in Transmutations
   960 | D        | Noticed a cane toad
   972 | D        | Killed a cane toad
  1137 | D        | Killed a cane toad
  1182 | D        | Killed a cane toad
  1183 | D        | Reached skill level 5 in Spellcasting
  1183 | D        | Reached skill level 5 in Transmutations
  1417 | D        | Reached XP level 11. HP: 51/71 MP: 19/21
  1431 | D        | Noticed an orc knight
  1431 | D        | Noticed an orc sorcerer
  1511 | D        | Killed an orc knight
  1577 | D        | Bought a book of the Dragon for 1260 gold pieces
  1585 | D        | Learned a level 7 spell: Dragon Form
  1741 | D        | Killed an orc sorcerer
  1876 | D        | Noticed an orc high priest
  1879 | D        | Noticed an orc knight
  1887 | D        | Killed an orc high priest
  1898 | D        | Killed an orc knight
  2135 | D        | Found Kefor's General Store.
  2135 | D        | Noticed an orc knight
  2135 | D        | Noticed an orc knight
  2135 | D        | Noticed an orc knight
  2137 | D        | Noticed an orc knight
  2173 | D        | Killed an orc knight
  2318 | D        | Killed an orc knight
  2319 | D        | Reached skill level 10 in Spellcasting
  2319 | D        | Reached skill level 10 in Transmutations
  2340 | D        | Mangled by an orc knight

Illustrated notes

Levels and vault maps discovered:
D:        linesprint [early_d, line_temple, items_1, d_10, items_2, lair_1,
          lair_end, items_3, orc_1, orc_end, items_4, d_15, swamp_1, shoals_1,
          snake_1, spider_1, d_20, vaults_1, items_5, swamp_end, shoals_end,
          snake_end, spider_end, vaults_end, d_27, items_6, zot_1, zot_end,
          crypt_end, forest_end, elf_end, slime_end, tomb_end, abyss_end,
          pan_hell_end]

Skill      XL: |  1  2  3  4  5  6  7  8  9 10 11 |
---------------+----------------------------------+-----
Unarmed Combat | 4 6 7 8 9 12 13 14 15 16 | 16.7
Fighting       | 4 5 7 10 11 13 14 15 | 15.1
Spellcasting   | 6 10 | 10.0
Transmutations | 6 10 | 10.6
Dodging        | |  2.4
Stealth        | |  2.4

Action                   |  1- 3 |  4- 6 |  7- 9 | 10-12 || total
-------------------------+-------+-------+-------+-------++-------
Melee: Unarmed           |    29 |    28 |    27 |   180 ||   264
       Bite              |     5 |     9 |    11 |    65 ||    90
       Punch             |     2 |     1 |     1 |    11 ||    15
Invok: Potion Petition   |       |       |     1 |       ||     1
       Call Merchant     |       |       |       |     2 ||     2
Evoke: Wand              |       |       |     5 |     4 ||     9
  Use: Potion            |     2 |     1 |       |       ||     3
       Scroll            |       |       |     1 |       ||     1
 Stab: Invisible         |       |     1 |     2 |       ||     3
       Distracted        |       |       |       |     1 ||     1
Armor: Robe              |     1 |       |       |       ||     1
       Chain mail        |     5 |    12 |     5 |    40 ||    62
Dodge: Dodged            |    11 |     6 |     4 |    27 ||    48

Table legend: (Time is in decaauts)
 A = Elapsed time spent in this place.
 B = Non-inter-level travel time spent in this place.
 C = Inter-level travel time spent in this place.
 D = Time resting spent in this place.
 E = Time spent auto-exploring this place.
 F = Levels seen in this place.
 G = Mean time per level.
                   A        B        C        D        E       F      G
               +--------+--------+--------+--------+--------+-----+--------+
         Total |   2264 |   2199 |     65 |    281 |   1118 |   1 | 2264.0 |
       Dungeon |   2264 |   2199 |     65 |    281 |   1118 |   1 | 2264.0 |
               +--------+--------+--------+--------+--------+-----+--------+

Top non-repeatable levels by time:
       D: 2264 daAuts
